AoeStats
← mryendl2410

Arabia

509279507Analyzed
2v2 RM · 6d ago on Sep 26, 2026· 40m 16s· 4 players
Game mode
Random Map
Map size
Medium (4 player)
Population
200
Speed
Normal
Resources
Standard
Victory
Conquest
Starting age
Dark Age
Ending age
Imperial Age
RankedLock teamsTeams togetherTeam positionsShared explorationLock speedFull tech treeHidden civsTurbo modeCheats
Victory
Defeat
🇵🇪 Magyars · Peru
1468
+9
🇻🇳 Ethiopians · Vietnam
1380
+12
🇯🇵 Vikings · Japan
1320
-11
🇯🇵 Varangians · Japan
1280
-10
mryendl2410
6:27 Loom
8:57 Feudal Age
11:06 Fletching
12:39 Double-Bit Axe
13:43 Padded Archer Armor
14:31 Gold Mining
20:07 Horse Collar
24:05 Castle Age
24:10 Crossbowman
24:48 Bodkin Arrow
26:09 Wheelbarrow
25:46 Bow Saw
25:37 Heavy Plow
26:26 Ballistics
27:33 Thumb Ring
34:53 Imperial Age
34:59 Imperial Age
35:43 Bracer
35:07 Arbalester
37:13 Chemistry
36:29 Leather Archer Armor
35:53 Capped Ram
OnlyzJxMs_v
4:57 Loom
8:57 Feudal Age
10:05 Double-Bit Axe
10:43 Horse Collar
16:41 Scale Barding Armor
21:12 Castle Age
19:57 Gold Mining
20:22 Bloodlines
21:15 Light Cavalry
21:55 Husbandry
22:43 Chain Barding Armor
23:30 Wheelbarrow
22:48 Light Cavalry
28:23 Hand Cart
36:11 Bow Saw
37:48 Gold Shaft Mining
40:08 Imperial Age
39:46 Heavy Plow
39:37 Stone Mining
40:11 Cavalier
fumin.jp
5:46 Loom
9:25 Feudal Age
10:32 Double-Bit Axe
14:41 Fletching
18:16 Padded Archer Armor
22:31 Castle Age
21:47 Forging
21:21 Horse Collar
21:32 Gold Mining
23:12 Bodkin Arrow
22:38 Crossbowman
23:59 Bow Saw
24:25 Gold Shaft Mining
24:33 Leather Archer Armor
26:37 Ballistics
26:45 Heavy Plow
42:32 Imperial Age
Sid
2:17 Loom
6:10 Loom
9:01 Feudal Age
9:55 Double-Bit Axe
10:38 Bloodlines
14:31 Scale Barding Armor
17:25 Horse Collar
19:22 Wheelbarrow
24:19 Castle Age
23:19 Gold Mining
23:41 Forging
23:23 Stone Mining
23:51 Fletching
25:35 Chain Barding Armor
26:05 Iron Casting
25:34 Husbandry
25:38 Pikeman
26:33 Scale Mail Armor
26:45 Heavy Plow
29:46 Light Cavalry
31:32 Town Watch
37:33 Bodkin Arrow
38:35 Stone Shaft Mining
40:49 Imperial Age
39:53 Chain Mail Armor
Connection lost

Rejoining the realm…

Still unreachable

The connection could not be restored.

Session expired

The server has moved on; the page needs a fresh start.